 Dungeon Crawl Stone Soup version 0.30-a0-859-gf88a04b62d (webtiles) character file.

Game seed: 1209639341990693078

5334 qeuew the Grappler (level 10, -2/110 HPs)
             Began as a Troll Berserker on Mar 6, 2023.
             Was an Elder of Trog.
             Killed by divine providence
             ... invoked by an orc priest
              (14 damage)
             ... on level 9 of the Dungeon.
             The game lasted 00:12:28 (6052 turns).

qeuew the Grappler (Troll Berserker)                Turns: 6052, Time: 00:12:31

Health: -2/110     AC:  4    Str: 33    XL:     10   Next: 38%
Magic:  9/9        EV: 17    Int:  3    God:    Trog [****..]
Gold:   551        SH:  0    Dex: 13    Spells: 9/9 levels left

rFire   . . .      SeeInvis .      - Unarmed
rCold   . . .      Faith    .    (no shield)
rNeg    . . .      Spirit   .    a - +0 animal skin
rPois   .          Reflect  .    (helmet restricted)
rElec   .          Rampage  .    (no cloak)
rCorr   .                        (gloves unavailable)
Will    ++...                    (boots unavailable)
Stlth   +                        (no amulet)
HPRegen 2.18/turn                g - +6 ring of strength
MPRegen 0.11/turn                d - +5 ring of evasion

@: mighty, strong-willed, on berserk cooldown, regenerating, slowed, very slow
A: large, unfitting armour, claws 3, regeneration 1, shaggy fur 1, tough skin 1,
antennae 1, mutation resistance 1, robust 1
a: Renounce Religion, Berserk, Trog's Hand, Brothers in Arms


You were on level 9 of the Dungeon.
You worshipped Trog.
Trog was greatly pleased with you.
You visited 1 branch of the dungeon, and saw 9 of its levels.

You collected 551 gold pieces.

Inventory:

Missiles
 j - 2 throwing nets
Armour
 a - a +0 animal skin (worn)
Jewellery
 c - a ring of protection from fire
 d - a +5 ring of evasion (right claw)
 g - a +6 ring of strength (left claw)
Wands
 n - a wand of mindburst (24)
 p - a wand of flame (9)
 q - a wand of charming (14)
Scrolls
 h - 5 scrolls of blinking
 i - a scroll of summoning
 k - a scroll of torment {unknown}
 m - a scroll of enchant armour
 r - a scroll of identify
Potions
 e - 3 potions of flight
 f - a potion of cancellation {unknown}
 l - 2 potions of curing
 o - a potion of haste


   Skills:
 + Level 6.6 Fighting
 + Level 6.5 Dodging
 * Level 10.7 Unarmed Combat
 + Level 3.9 Evocations


You had 9 spell levels left.
You didn't know any spells.
Your spell library was empty.

Dungeon Overview and Level Annotations

Branches:
Dungeon (9/15)             Temple (0/1) D:6
   Lair: D:8-11         Orc: D:9-12

Altars:
Ashenzari
Dithmenos
Elyvilon
Fedhas
Gozag
Hepliaklqana
Makhleb
Nemelex Xobeh
Okawaru
Qazlal
Ru
Sif Muna
Vehumet
Wu Jian
Yredelemnul

Shops:
D:1 =   D:2 =   D:4 (   D:5 (

Annotations:
D:8 2 transporters, Darius099's ghost, novice MiFi


Innate Abilities, Weirdness & Mutations

You are too large for most types of armour.
You have claws for hands.
Your natural rate of healing is unusually fast.
You are covered in fur. (AC +1)
You have tough skin. (AC +1)
You have a pair of small antennae on your head.
You are somewhat resistant to further mutation.
You are robust. (+10% HP)


Message History

The killer bee poisons you!
You hear an angry buzzing noise.
The killer bee stings you!
You are more poisoned.
The killer bee poisons you!
The killer bee stings you but does no damage.
You miss the killer bee.
The killer bee is heavily wounded.
You feel very sick. The killer bee barely misses you.
The killer bee closely misses you.
You miss the killer bee.
The killer bee is heavily wounded.
You feel very sick. The killer bee closely misses you.
The killer bee stings you.
You are more poisoned.
The killer bee poisons you! The killer bee barely misses you.
The orc priest mumbles some strange prayers to Beogh against you.
Beogh smites you!
* * * LOW HITPOINT WARNING * * *
You claw the killer bee!
You kill the killer bee!
Trog accepts your kill.
You feel very sick. The killer bee barely misses you.
Your skin crawls.
You feel strong-willed.
You feel very sick. The killer bee stings you.
* * * LOW HITPOINT WARNING * * *
You are more poisoned.
The killer bee poisons you! The killer bee completely misses you.
The killer bee closely misses you.
You feel better.
The killer bee completely misses you. x2
The orc priest calls down the wrath of Beogh upon you.
Beogh smites you!
* * * LOW HITPOINT WARNING * * *
The killer bee misses you.
The orc priest invokes the aid of Beogh against you.
Beogh smites you!
You die... ...o!{ #......# '........####......# #.......††..#......# #.....!†y##.#......# #.....†y{ #.#......# ..oo†. #........# oyy.

###......# #y#
#......# ##@#
##.##### #..#
#...... #.## #######
#.# #.....
##'####### ####.....
#..).....# #........
#........# #.##.....
#........###.##.....
#........##..##.....


You could see 3 killer bees, an orc priest and 2 orcs.

Vanquished Creatures
  Maggie (D:8)
  A queen bee (D:9)
  A shadow (D:7)
  Eustachio (D:6)
  3 steam dragons
  4 water moccasins
  An ice beast (D:7)
  A black bear (D:6)
  2 ogres
  3 centaurs
  3 phantoms
  A kobold brigand (D:8)
  A gnoll sergeant (D:8)
  2 scorpions
  4 bullfrogs
  24 killer bees
  3 howler monkeys
  7 orc priests
  2 gnoll boudas
  8 hounds
  2 jellies
  2 sleepcaps
  5 iguanas
  7 orc wizards
  Robin (D:2)
  8 gnolls
  8 adders
  2 white imps
  3 ufetubi
  A worm (D:2)
  5 dart slugs
  38 orcs
  3 ball pythons
  3 bats
  13 endoplasms
  3 giant cockroaches
  13 goblins
  7 hobgoblins
  3 jackals (D:5)
  4 quokkas
  5 frilled lizards
  7 kobolds
  8 rats
224 creatures vanquished.

Vanquished Creatures (others)
  A killer bee (D:8)
  2 orcs (D:8)
  A fungus (D:1)
4 creatures vanquished.

Grand Total: 228 creatures vanquished

Notes
Turn   | Place    | Note
-------+----------+-------------------------------------------
     0 | D:1      | qeuew the Troll Berserker began the quest for the Orb.
     0 | D:1      | Reached XP level 1. HP: 22/22 MP: 0/0
    65 | D:1      | Found Voimees's Jewellery Shoppe.
   258 | D:1      | Reached XP level 2. HP: 29/29 MP: 1/1
   476 | D:1      | Found a faded altar of an unknown god.
  1075 | D:2      | Reached XP level 3. HP: 36/36 MP: 2/2
  1079 | D:2      | Found Enunwe Geots's Jewellery Emporium.
  1102 | D:2      | Found a blossoming altar of Fedhas.
  1189 | D:2      | Noticed Robin
  1211 | D:2      | Reached ** piety under Trog
  1221 | D:2      | Killed Robin
  1222 | D:2      | Reached skill level 4 in Unarmed Combat
  1471 | D:2      | Reached XP level 4. HP: 44/44 MP: 3/3
  1686 | D:3      | Found a sacrificial altar of Ru.
  1849 | D:3      | Identified the +5 dagger "Huruch" {heavy, Fragile Dex+4}
  1891 | D:3      | Reached XP level 5. HP: 11/53 MP: 4/4
  2059 | D:3      | Found an iron altar of Okawaru.
  2060 | D:3      | Found a burning altar of Makhleb.
  2060 | D:3      | Found a radiant altar of Vehumet.
  2060 | D:3      | Found a hazy altar of Hepliaklqana.
  2066 | D:3      | Found an ornate altar of the Wu Jian Council.
  2067 | D:3      | Found a sparkling altar of Nemelex Xobeh.
  2210 | D:4      | Found Keimo's Antique Weapon Emporium.
  2243 | D:4      | Reached *** piety under Trog
  2304 | D:4      | Reached skill level 5 in Unarmed Combat
  2374 | D:4      | Found a stormy altar of Qazlal.
  2628 | D:4      | Gained mutation: You have a pair of small antennae on your
                  | head. [potion of mutation]
  2628 | D:4      | Gained mutation: You are robust. (+10% HP) [potion of
                  | mutation]
  2628 | D:4      | Gained mutation: You are somewhat resistant to further
                  | mutation. [potion of mutation]
  2639 | D:5      | Entered Level 5 of the Dungeon
  2643 | D:5      | Reached XP level 6. HP: 58/67 MP: 5/5
  2697 | D:5      | Noticed a water moccasin
  2715 | D:5      | Killed a water moccasin
  2716 | D:5      | Reached skill level 6 in Unarmed Combat
  2716 | D:5      | Reached XP level 7. HP: 77/77 MP: 6/6
  2968 | D:5      | Found a basalt altar of Yredelemnul.
  2988 | D:5      | Reached skill level 7 in Unarmed Combat
  3010 | D:5      | Reached XP level 8. HP: 62/86 MP: 7/7
  3125 | D:5      | Found Myna's Weapon Boutique.
  3287 | D:5      | Found a shadowy altar of Dithmenos.
  3459 | D:6      | Found a staircase to the Ecumenical Temple.
  3479 | D:6      | Noticed Eustachio
  3483 | D:6      | Killed Eustachio
  3541 | D:6      | Found a blossoming altar of Fedhas.
  3546 | D:6      | Reached skill level 1 in Evocations
  3657 | D:6      | Reached skill level 8 in Unarmed Combat
  3676 | D:6      | Reached **** piety under Trog
  3758 | D:6      | Reached skill level 5 in Fighting
  3758 | D:6      | Reached skill level 5 in Dodging
  4252 | D:6      | Found an opulent altar of Gozag.
  4261 | D:6      | Found a white marble altar of Elyvilon.
  4570 | D:7      | Reached XP level 9. HP: 96/96 MP: 8/8
  4628 | D:7      | Reached skill level 9 in Unarmed Combat
  4666 | D:7      | Found a basalt altar of Yredelemnul.
  5135 | D:8      | Noticed Maggie
  5146 | D:8      | Killed Maggie
  5244 | D:8      | Noticed a gargoyle
  5248 | D:8      | Noticed Darius099's ghost (novice MiFi)
  5258 | D:8      | Found a broken altar of Ashenzari.
  5262 | D:8      | Saw a vision of the Swamp and the Spider Nest.
  5262 | D:8      | Noticed a steelbarb worm
  5262 | D:8      | Noticed a jorogumo
  5262 | D:8      | Noticed a moth of wrath
  5262 | D:8      | Noticed a bog body
  5262 | D:8      | Noticed a goliath frog
  5262 | D:8      | Noticed a bloated husk
  5262 | D:8      | Noticed a pharaoh ant
  5263 | D:8      | Noticed an alligator
  5264 | D:8      | Noticed a swamp dragon
  5271 | D:8      | Noticed a demonic crawler
  5337 | D:8      | Reached skill level 10 in Unarmed Combat
  5365 | D:7      | HP: 2/97 [steam dragon] (13)]
  5488 | D:8      | Found a transporter.
  5499 | D:8      | Reached XP level 10. HP: 92/107 MP: 9/9
  5572 | D:8      | Found a transporter.
  5807 | D:9      | Found a shimmering blue altar of Sif Muna.
  6052 | D:9      | Killed from afar by an orc priest

Illustrated notes

Levels and vault maps discovered:
D:1:      dpeg_arrival_arbitrary_a, layout_basic, serial_shops,
          nicolae_shop_advertising_works [nicolae_subvault_shop_adworks],
          shapermc_ecumenical_altar_mp_urbaneastern, minmay_tripent
D:2:      layout_rooms, basic_altar, serial_shops, shop, chequers_avenue,
          chequers_serial_rivers_marsh, corexii_item_surrounded_by_moat,
          uniq_robin
D:3:      layout_rooms, amcnicky_altar_gilded, grunt_temple_overflow_open,
          minmay_distorted
D:4:      layout_basic, nicolae_qazlal_general_emergency, serial_shops,
          nicolae_stop_n_shop_2
D:5:      layout_cave_pools, mainiacjoe_overflow_alcove_4, serial_shops,
          nicolae_shop_bloodbath_and_beyond, minmay_ruined_shrine
D:6:      mumra_celtic_spiral_tile, layout_loops_ring, kennysheep_mini_moat,
          mainiacjoe_overflow_swirl, minmay_temple_entry_grid, uniq_eustachio
D:7:      minmay_chambers_of_fours, layout_rooms, mainiacjoe_overflow_paths
D:8:      layout_rooms, grunt_ashenzari_visionary
          [grunt_ashenzari_visionary_swamp, grunt_ashenzari_visionary_spider],
          nzn_ghost_randoct, uniq_maggie
D:9:      layout_roguey [special_room_bee], led_sif_book, minmay_radiant

Skill      XL: |  1  2  3  4  5  6  7  8  9 |
---------------+----------------------------+-----
Unarmed Combat | 4 5 6 7 8 10 | 10.7
Dodging        | 3 4 5 6 |  6.5
Fighting       | 3 4 5 6 |  6.6
Evocations     | 2 3 |  3.9

Action                     |  1- 3 |  4- 6 |  7- 9 | 10-12 || total
---------------------------+-------+-------+-------+-------++-------
  Melee: Unarmed           |   104 |   130 |   256 |    99 ||   589
         Punch             |       |     1 |    11 |     2 ||    14
 Invoke: Berserk           |     1 |     2 |     2 |     3 ||     8
         Trog's Hand       |       |     2 |     2 |     3 ||     7
    Use: Potion            |     5 |     4 |     4 |     2 ||    15
         Scroll            |     3 |     4 |     5 |     3 ||    15
   Stab: Sleeping          |       |     2 |       |       ||     2
 Armour: Animal skin       |    55 |    33 |    42 |    13 ||   143
  Dodge: Dodged            |    75 |    85 |   252 |   108 ||   520

Table legend: (Time is in decaauts)
 A = Elapsed time spent in this place.
 B = Non-inter-level travel time spent in this place.
 C = Inter-level travel time spent in this place.
 D = Time resting spent in this place.
 E = Time spent auto-exploring this place.
 F = Levels seen in this place.
 G = Mean time per level.
                   A        B        C        D        E       F      G
               +--------+--------+--------+--------+--------+-----+--------+
         Total |   6039 |   5739 |    300 |     32 |   4534 |   9 |  671.0 |
       Dungeon |   6039 |   5739 |    300 |     32 |   4534 |   9 |  671.0 |
               +--------+--------+--------+--------+--------+-----+--------+

Top non-repeatable levels by time:
     D:6: 1123 daAuts
     D:1: 1040 daAuts
     D:7: 736 daAuts
     D:5: 713 daAuts
     D:2: 637 daAuts
     D:8: 568 daAuts
     D:4: 490 daAuts
     D:3: 470 daAuts
     D:9: 259 daAuts
